 Dungeon Crawl Stone Soup version 0.19.4-8-ga85b6b9 (webtiles) character file.

109 mrmercer the Gusty (level 4, 0/33 HPs)
             Began as a Draconian Air Elementalist on Feb 6, 2017.
             Succumbed to a kobold's poison
             ... on level 3 of the Dungeon.
             The game lasted 00:35:51 (2591 turns).

mrmercer the Gusty (Draconian Air Elementalist)     Turns: 2591, Time: 00:35:52

Health: 0/33       AC:  5    Str: 12    XL:     4   Next: 59%
Magic:  1/8        EV: 12    Int: 16    God:
Gold:   114        SH:  0    Dex: 12    Spells: 1 memorised, 7 levels left

rFire  + . .     SeeInvis .     u - +1 spear (vamp)
rCold  + . .     Gourm    .     (armour unavailable)
rNeg   . . .     Faith    .     (no shield)
rPois  +         Spirit   .     (helmet restricted)
rElec  +         Reflect  .     (no cloak)
rCorr  +         Harm     .     (no gloves)
MR     +....     Clarity  +     (no boots)
Stlth  ++........               (no amulet)
                                (no ring)
                                f - ring of protection from magic (curse)

@: lethally poisoned (0 -> -6), resistant
A: unfitting armour, hooves 1, clarity, strong 1, cold-blooded, AC +5
a: no special abilities


You were on level 3 of the Dungeon.
You were full.

You visited 1 branch of the dungeon, and saw 3 of its levels.

You collected 114 gold pieces.

Inventory:

Hand Weapons
 c - a +0 war axe
 d - a +0 dagger
 e - a +0 dagger
 l - a +0 spear
 u - a +1 vampiric spear (weapon)
Armour
 b - a +1 robe
 s - a +0 helmet
Jewellery
 f - a cursed ring of protection from magic (left hand)
Potions
 n - a potion of lignification
Books
 a - a book of Air

   Spells                             Type                      Level
   a - Shock                          Conjuration/Air              1
   b - Swiftness                      Charms/Air                   2
   c - Repel Missiles                 Charms/Air                   2
   d - Static Discharge               Conjuration/Air              3
   e - Lightning Bolt                 Conjuration/Air              5
Comestibles
 j - a beef jerky
 t - a bread ration


   Skills:
 + Level 0.8 Axes
 + Level 0.2(0.5) Polearms
 + Level 2.0 Dodging
 - Level 2.0 Stealth
 + Level 2.7 Spellcasting
 + Level 2.2 Conjurations
 * Level 3.9 Air Magic


You had 7 spell levels left.
You knew the following spells:

 Your Spells              Type           Power        Failure   Level  Hunger
a - Shock                 Conj/Air       ##..         8%          1    #......


Dungeon Overview and Level Annotations

Branches:
Dungeon (3/15)

Altars:


Innate Abilities, Weirdness & Mutations

Your plain brown scales are hard. (AC +5)
You cannot fit into any form of body armour.
You are cold-blooded and may be slowed by cold attacks.
You have large cloven feet.
You possess an exceptional clarity of mind.
Your muscles are strong. (Str +2)


Message History

The orc wizard looks frightened!
The kobold looks frightened!
It was a scroll of fear.
* * * LOW HITPOINT WARNING * * *
You feel sick.
The orc wizard gestures wildly while chanting.
The orc wizard blinks!
You feel protected.
* * * LOW HITPOINT WARNING * * *
You feel sick.
The orc wizard mumbles some strange words.
The orc wizard blinks!
The orc wizard gestures wildly while chanting.
The orc wizard blinks!
* * * LOW HITPOINT WARNING * * *
You feel sick.
The orc wizard mumbles some strange words.
The orc wizard blinks!
The orc wizard mumbles some strange words.
The orc wizard blinks!
You die...

### ##..# #...#
##.#?# ... ###.@..#
# .$ #....### ..#..
##K#..###
./<...#####...)((.#
o......o...§...#
....§.##..........#
..........o...#####
..†...†......##
......##.#...#


You could see an orc priest (fleeing), an orc wizard (fleeing) and a kobold
(fleeing).

Vanquished Creatures
  2 adders
  3 gnolls (D:2)
  A dart slug (D:1)
  A leopard gecko (D:1)
  2 orcs (D:3)
  2 giant cockroaches
  7 goblins
  8 hobgoblins
  4 kobolds
  10 bats
  8 frilled lizards
  7 rats
55 creatures vanquished.

Notes
Turn   | Place    | Note
-------+----------+-------------------------------------------
     0 | D:1      | mrmercer the Draconian Air Elementalist began the quest for the Orb.
     0 | D:1      | Reached XP level 1. HP: 14/14 MP: 3/3
   202 | D:1      | Reached XP level 2. HP: 20/20 MP: 3/5
   885 | D:1      | Reached XP level 3. HP: 25/26 MP: 0/6
  2114 | D:2      | Reached XP level 4. HP: 33/33 MP: 0/7
  2181 | D:2      | Gained mutation: Your muscles are strong. (Str +2) [potion of mutation]
  2181 | D:2      | Gained mutation: You have large cloven feet. [potion of mutation]
  2181 | D:2      | Gained mutation: You possess an exceptional clarity of mind. [potion of mutation]
  2589 | D:3      | HP: 1/33 [poisoned by a kobold]
  2591 | D:3      | Succumbed to a kobold's poison

Skill      XL: |  1  2  3  4 |
---------------+-------------+-----
Stealth        | 2 |  2.0
Dodging        | 2 |  2.0
Conjurations   | 2 |  2.2
Axes           | |  0.8
Polearms       | |  0.2
Spellcasting   | |  2.7
Air Magic      | |  3.9

Action                   |  1- 3 |  4- 6 || total
-------------------------+-------+-------++-------
Melee: Unarmed           |     2 |       ||     2
       Dagger            |    23 |       ||    23
       Tailslap          |     2 |     1 ||     3
       War axe           |     4 |     3 ||     7
       Spear             |       |    20 ||    20
       Kick              |       |     2 ||     2
 Cast: Shock             |    77 |    27 ||   104
  Use: Scroll            |       |     6 ||     6
       Potion            |       |     6 ||     6
  Eat: Chunk             |     2 |     1 ||     3
       Bread ration      |     1 |       ||     1
       Pizza             |       |     2 ||     2
       Meat ration       |       |     1 ||     1
Armor: Skin              |    12 |    29 ||    41
Dodge: Dodged            |    30 |    34 ||    64
